 Dungeon Crawl Stone Soup version 0.29.0-4-gdea44cf6ec (webtiles) character file.

Game seed: 16741658072989000401

7917 qw the Cleaver (level 11, 0/86 HPs)
             Began as a Demonspawn Cinder Acolyte on Sept 9, 2022.
             Was a Follower of Okawaru.
             Slain by a fire elemental (10 damage)
             ... created by the fiery vengeance of Ignis
             ... on level 9 of the Dungeon.
             The game lasted 00:04:11 (10976 turns).

qw the Cleaver (Demonspawn Cinder Acolyte)         Turns: 10976, Time: 00:04:12

Health: 0/86       AC: 28    Str: 19    XL:     11   Next: 3%
Magic:  0/12       EV: 11    Int: 15    God:    Okawaru [*.....]
Gold:   499        SH:  6    Dex:  9    Spells: 12/12 levels left

rFire   . . .      SeeInvis .   Y - +2 war axe (vorpal)
rCold   . . .      Faith    .   c - +0 buckler
rNeg    . . .      Spirit   +   b - +0 plate armour
rPois   .          Reflect  .   f - +2 helmet
rElec   .          Harm     .   p - +0 cloak
rCorr   .          Rampage  .   i - +0 pair of gloves
Will    .....                   (no boots)
Stlth   ..........              (no amulet)
HPRegen 0.24/turn               a - +4 ring of evasion
MPRegen 0.26/turn               j - +4 ring of protection

@: about to teleport, heroic, fire susceptible
A: icy blue scales 2, ignite blood 1, magic shield, magic regeneration, weakness
stinger 1
a: Renounce Religion, Heroism


You were on level 9 of the Dungeon.
You worshipped Okawaru.
Okawaru was aware of your devotion.
You visited 2 branches of the dungeon, and saw 10 of its levels.

You collected 499 gold pieces.


Innate Abilities, Weirdness & Mutations

You are mostly covered in icy blue scales. (AC +3)
Your demonic aura sometimes causes spilled blood to erupt in flames.
When hurt, damage is shared between your health and your magic reserves.
You regenerate magic rapidly.
You have a small tail.


   Skills:
 - Level 8.0(13.0) Fighting
 + Level 11.6(16.6) Axes
 - Level 3.1(8.1) Throwing
 - Level 6.0(11.0) Armour
 - Level 1.7(6.7) Dodging
 - Level 4.2(9.2) Shields
 - Level 1.0 Spellcasting
 - Level 2.6 Fire Magic
 + Level 0.0 Invocations


You had 12 spell levels left.
You didn't know any spells.
Your spell library contained the following spells:

 Spells                   Type           Power      Damage    Failure   Level
 Scorch                   Fire           16%        2d5       95%         2

Inventory:

Hand Weapons
 l - a -1 hand axe of flaming
 Y - a +2 vorpal war axe (weapon)
Missiles
 n - a silver boomerang (quivered)
 o - 2 boomerangs
Armour
 b - a +0 plate armour (worn)
 c - a +0 buckler (worn)
 f - a +2 helmet (worn)
 i - a +0 pair of gloves (worn)
 p - a +0 cloak (worn)
Jewellery
 a - a +4 ring of evasion (left hand)
 j - a +4 ring of protection (right hand)
Scrolls
 g - 4 scrolls of teleportation
 h - a scroll of identify
Potions
 d - 2 potions of mutation
 e - 2 potions of curing
 m - a potion of cancellation {unknown}

Dungeon Overview and Level Annotations

Branches:
Dungeon (9/15)             Temple (1/1) D:5
   Lair: D:8-11         Orc: D:9-12

Altars:
Ashenzari
Cheibriados
Dithmenos
Fedhas
Gozag
Hepliaklqana
Kikubaaqudgha
Makhleb
Nemelex Xobeh
Okawaru
Qazlal
Ru
Sif Muna
Trog
Vehumet
Wu Jian
Xom
Yredelemnul

Shops:
D:7 (

Annotations:
D:3 1 runed translucent door, Crazy Yiuf
D:4 3 runed translucent doors, qw's ghost, amateur MiFi


Message History

The fire elemental hits you. The fire elemental burns you!
The fire elemental hits you. The fire elemental burns you!
You block the fire elemental's attack.
You closely miss the fire elemental.
The fire elemental is almost destroyed.
You barely miss the fire elemental. You closely miss the fire elemental.
The fire elemental barely misses you. The fire elemental hits you.
The fire elemental burns you! You block the fire elemental's attack.
You closely miss the fire elemental.
Your tail-slap misses the fire elemental.
The fire elemental is almost destroyed.
You slash the fire elemental! You closely miss the fire elemental.
The fire elemental hits you. The fire elemental burns you!
The fire elemental hits you. The fire elemental burns you!
The fire elemental hits you. The fire elemental burns you!
10973 ||| INVOKING Heroism.
You gain the combat prowess of a mighty hero.
The fire elemental hits you. The fire elemental burns you!
The fire elemental hits you. The fire elemental burns you!
The fire elemental barely misses you. The fire elemental hits you.
You block the fire elemental's attack. The fire elemental hits you.
The fire elemental burns you!
You hit the fire elemental but do no damage.
The fire elemental is almost destroyed.
You hit the fire elemental. You completely miss the fire elemental.
The fire elemental hits you. The fire elemental burns you!
The fire elemental hits you. The fire elemental burns you!
The fire elemental misses you.
10975 ||| READING 5 scrolls of teleportation.
As you read the scroll of teleportation, it crumbles to dust.
You feel strangely unstable.
The fire elemental misses you. x2; The fire elemental hits you.
The fire elemental burns you!
You slash the fire elemental!
You destroy the fire elemental!
That felt strangely unrewarding.
You barely miss the fire elemental. You hit the fire elemental.
The fire elemental barely misses you. The fire elemental hits you.
The fire elemental burns you!
You die...

...# #.....##~~~~~#
##.# ########~~~~~#
##.######### #~787~#
#....).....####7...7#
..............#.._..#
......####..###7!..7#
........##..####7.7#
......#........##E###
.....#####..##.E@...#
#...........#####.###
####..............#
################


You could see 2 fire elementals.

Vanquished Creatures
  A two-headed ogre (D:8)
  Pikel (D:7)
  Maurice (D:8)
  Maggie (D:7)
  A gargoyle (D:9)
  A troll (D:9)
  Prince Ribbit (D:7)
  Sigmund (D:3)
  4 yaks (D:9)
  A wyvern (D:7)
  A fire elemental (D:9)
  Grum (D:9)
  Duvessa (D:7)
  3 ice beasts
  3 orc warriors
  3 ogres
  2 centaurs
  2 wolves (D:9)
  3 phantoms
  3 kobold brigands
  5 bullfrogs
  A necrophage (D:6)
  2 scorpions (D:5)
  A gnoll sergeant (D:9)
  15 wights
  Dowan (D:7)
  15 killer bees
  A crimson imp (D:3)
  6 hounds
  2 jellies
  A gnoll bouda (D:7)
  Jessica (D:3)
  Natasha (twice) (D:2)
  An iguana (D:5)
  4 orc wizards
  Robin (D:2)
  12 gnolls
  7 adders
  A white imp (D:4)
  3 ufetubi
  6 dart slugs
  4 worms
  21 orcs
  16 ball pythons
  10 endoplasms
  5 giant cockroaches
  11 hobgoblins
  4 quokkas
  7 bats
  2 frilled lizards
  28 goblins
  2 goblin zombies (D:3)
  2 hobgoblin zombies (D:3)
  19 kobolds
  A kobold skeleton (D:3)
  An orc zombie (D:3)
  4 rats (D:1)
260 creatures vanquished.

Vanquished Creatures (others)
  2 plants (D:7)
2 creatures vanquished.

Grand Total: 262 creatures vanquished

Notes
Turn   | Place    | Note
-------+----------+-------------------------------------------
     0 | D:1      | qw the Demonspawn Cinder Acolyte began the quest for the
                  | Orb.
     0 | D:1      | Reached XP level 1. HP: 18/18 MP: 2/2
     0 | D:1      | 0 ||| qw: Version: 0.1-a-113-g051387a
     0 | D:1      | 0 ||| qw: Game counter: 7025
     0 | D:1      | 0 ||| qw: Always use a shield: true
     0 | D:1      | 0 ||| qw: God list: Okawaru
     0 | D:1      | 0 ||| qw: Allow faded altars: false
     0 | D:1      | 0 ||| qw: Do Orc after D:15 true
     0 | D:1      | 0 ||| qw: Do second Lair branch before Depths: true
     0 | D:1      | 0 ||| qw: Lair rune preference: random
     0 | D:1      | 0 ||| qw: Plans: Normal
     0 | D:1      | 0 ||| PLANNING D:1-11
    74 | D:1      | Found a faded altar of an unknown god.
    93 | D:1      | Reached skill level 3 in Axes
   208 | D:1      | 208 ||| Stepping ~*~*~tactically~*~*~ (water).
   209 | D:1      | 209 ||| INVOKING Fiery Armour.
   213 | D:1      | Gained mutation: Your demonic aura sometimes causes spilled
                  | blood to erupt in flames. [demonic ancestry]
   213 | D:1      | Reached XP level 2. HP: 13/24 MP: 3/3
   564 | D:1      | 564 ||| Stepping ~*~*~tactically~*~*~ (stealth).
   626 | D:1      | 626 ||| Stepping ~*~*~tactically~*~*~ (stealth).
   688 | D:1      | 688 ||| Stepping ~*~*~tactically~*~*~ (stealth).
  1181 | D:1      | 1181 ||| UPGRADING to +0 chain mail.
  1191 | D:1      | 1191 ||| DROPPING +0 robe.
  1192 | D:1      | 1192 ||| READING scroll labelled TURER TUONOH.
  1193 | D:1      | 1193 ||| READING scroll labelled JUED MASEASA.
  1197 | D:1      | 1197 ||| DRINKING 2 ruby potions.
  1215 | D:2      | 1215 ||| STAIRDANCE
  1224 | D:1      | Gained mutation: You have a small tail. [demonic ancestry]
  1224 | D:1      | Reached XP level 3. HP: 19/29 MP: 4/4
  1330 | D:2      | 1330 ||| STAIRDANCE
  1369 | D:2      | 1369 ||| INVOKING Fiery Armour.
  1370 | D:2      | Reached skill level 1 in Armour
  1770 | D:2      | Noticed Natasha
  1775 | D:2      | 1775 ||| INVOKING Fiery Armour.
  1777 | D:2      | Killed Natasha
  1778 | D:2      | Reached skill level 4 in Axes
  1778 | D:2      | Reached XP level 4. HP: 15/35 MP: 5/5
  2000 | D:2      | 2000 ||| Stepping ~*~*~tactically~*~*~ (stealth).
  2002 | D:2      | Noticed Robin
  2004 | D:2      | 2004 ||| INVOKING Fiery Armour.
  2014 | D:2      | HP: 5/35 [frozen (5)]
  2015 | D:2      | 2015 ||| DRINKING potion of heal wounds.
  2020 | D:2      | HP: 8/35 [poisoned by an adder]
  2022 | D:2      | Found a sacrificial altar of Ru.
  2023 | D:2      | Killed Robin
  2306 | D:2      | Noticed Natasha
  2308 | D:2      | 2308 ||| FLEEEEING.
  2309 | D:2      | 2309 ||| FLEEEEING.
  2317 | D:2      | 2317 ||| INVOKING Fiery Armour.
  2318 | D:2      | Killed Natasha
  2319 | D:2      | Reached skill level 5 in Axes
  2319 | D:2      | Reached XP level 5. HP: 21/41 MP: 6/6
  2334 | D:2      | 2334 ||| FLEEEEING.
  2394 | D:2      | 2394 ||| FLEEEEING.
  2707 | D:2      | 2707 ||| Stepping ~*~*~tactically~*~*~ (hiding).
  2821 | D:2      | 2821 ||| INVOKING Fiery Armour.
  3133 | D:2      | 3133 ||| UPGRADING to +2 helmet.
  3138 | D:2      | 3138 ||| UPGRADING to +4 ring of evasion.
  3139 | D:2      | 3139 ||| UPGRADING to +4 ring of protection.
  3140 | D:2      | 3140 ||| READING scroll labelled USCHOD GE HYSUG.
  3141 | D:2      | 3141 ||| READING scroll labelled VEPIAM XALAHYUNK.
  3142 | D:2      | 3142 ||| READING 2 scrolls labelled ALOGEA CEONG.
  3143 | D:2      | 3143 ||| DRINKING 2 sedimented clear potions.
  3244 | D:2      | 3244 ||| DROPPING scroll of summoning.
  3245 | D:2      | 3245 ||| DROPPING potion of ambrosia.
  3420 | D:3      | Found a shimmering blue altar of Sif Muna.
  3613 | D:3      | Noticed Jessica
  3614 | D:3      | 3614 ||| Stepping ~*~*~tactically~*~*~ (hiding).
  3624 | D:3      | Killed Jessica
  3630 | D:3      | 3630 ||| Stepping ~*~*~tactically~*~*~ (stealth).
  3687 | D:3      | Noticed Sigmund
  3688 | D:3      | 3688 ||| Stepping ~*~*~tactically~*~*~ (hiding).
  3709 | D:3      | Killed Sigmund
  3710 | D:3      | Reached skill level 6 in Axes
  3710 | D:3      | Gained mutation: You regenerate magic rapidly. [demonic
                  | ancestry]
  3710 | D:3      | Reached XP level 6. HP: 40/47 MP: 7/7
  3827 | D:3      | 3827 ||| INVOKING Fiery Armour.
  3878 | D:3      | 3878 ||| Stepping ~*~*~tactically~*~*~ (stealth).
  3909 | D:3      | 3909 ||| Stepping ~*~*~tactically~*~*~ (stealth).
  3919 | D:3      | 3919 ||| Stepping ~*~*~tactically~*~*~ (hiding).
  3927 | D:3      | Gained mutation: You are partially covered in icy blue
                  | scales. (AC +2) [demonic ancestry]
  3927 | D:3      | Reached XP level 7. HP: 54/54 MP: 8/8
  3976 | D:3      | 3976 ||| Stepping ~*~*~tactically~*~*~ (stealth).
  4334 | D:3      | Found a runed translucent door.
  4335 | D:3      | Noticed Crazy Yiuf
  4338 | D:3      | 4338 ||| DROPPING ring of positive energy.
  4339 | D:3      | 4339 ||| READING scroll labelled VEJORO SOISS.
  4364 | D:4      | 4364 ||| STAIRDANCE
  4415 | D:4      | 4415 ||| STAIRDANCE
  4479 | D:4      | 4479 ||| Stepping ~*~*~tactically~*~*~ (hiding).
  4482 | D:4      | 4482 ||| Stepping ~*~*~tactically~*~*~ (stealth).
  4484 | D:4      | 4484 ||| Stepping ~*~*~tactically~*~*~ (stealth).
  4559 | D:4      | Noticed qw's ghost (amateur MiFi)
  4591 | D:4      | Found a runed translucent gate.
  4591 | D:4      | Found a runed translucent gate.
  4599 | D:4      | 4599 ||| Stepping ~*~*~tactically~*~*~ (stealth).
  4601 | D:4      | 4601 ||| Stepping ~*~*~tactically~*~*~ (stealth).
  4604 | D:4      | 4604 ||| Stepping ~*~*~tactically~*~*~ (stealth).
  4631 | D:4      | Found a stormy altar of Qazlal.
  4698 | D:4      | 4698 ||| SWAPPING to +0 hand axe of freezing.
  4747 | D:4      | Found a bloodstained altar of Trog.
  4853 | D:4      | 4853 ||| Stepping ~*~*~tactically~*~*~ (stealth).
  4855 | D:4      | 4855 ||| Stepping ~*~*~tactically~*~*~ (stealth).
  4907 | D:4      | Found a shimmering altar of Xom.
  4995 | D:4      | Found a runed translucent gate.
  5141 | D:4      | 5141 ||| READING scroll labelled SUYDEO FOXOMOHUT.
  5142 | D:4      | 5142 ||| READING 2 scrolls of identify.
  5142 | D:4      | 5142 ||| IDENTIFYING lumpy white potion
  5143 | D:4      | 5143 ||| DROPPING potion of degeneration.
  5157 | D:5      | Entered Level 5 of the Dungeon
  5193 | D:5      | 5193 ||| INVOKING Fiery Armour.
  5196 | D:5      | HP: 10/54 [ice beast (13)]
  5197 | D:5      | 5197 ||| READING 4 scrolls of teleportation.
  5198 | D:5      | 5198 ||| DRINKING potion of heal wounds.
  5199 | D:5      | Reached skill level 7 in Axes
  5425 | D:5      | Reached skill level 1 in Dodging
  5563 | D:5      | 5563 ||| Stepping ~*~*~tactically~*~*~ (stealth).
  5564 | D:5      | 5564 ||| Stepping ~*~*~tactically~*~*~ (stealth).
  5565 | D:5      | 5565 ||| Stepping ~*~*~tactically~*~*~ (stealth).
  5582 | D:5      | 5582 ||| Stepping ~*~*~tactically~*~*~ (stealth).
  5630 | D:5      | Found a staircase to the Ecumenical Temple.
  5713 | D:5      | Reached skill level 8 in Axes
  5713 | D:5      | Gained mutation: When hurt, damage is shared between your
                  | health and your magic reserves. [demonic ancestry]
  5713 | D:5      | Reached XP level 8. HP: 60/60 MP: 9/9
  5714 | D:5      | 5714 ||| Stepping ~*~*~tactically~*~*~ (stealth).
  5720 | D:5      | 5720 ||| Stepping ~*~*~tactically~*~*~ (stealth).
  6061 | D:5      | Found a sparkling altar of Nemelex Xobeh.
  6081 | D:5      | 6081 ||| Stepping ~*~*~tactically~*~*~ (hiding).
  6089 | D:5      | Reached skill level 3 in Armour
  6097 | D:5      | 6097 ||| READING scroll labelled ZIURHI PYRUI.
  6098 | D:5      | 6098 ||| READING scroll labelled DISHRU LADWUOKUI.
  6099 | D:5      | 6099 ||| SWAPPING to -1 hand axe of flaming.
  6100 | D:5      | 6100 ||| DROPPING +0 vorpal hand axe.
  6101 | D:5      | 6101 ||| READING 3 scrolls of identify.
  6101 | D:5      | 6101 ||| IDENTIFYING lumpy sapphire potion
  6102 | D:5      | 6102 ||| READING 2 scrolls of identify.
  6102 | D:5      | 6102 ||| IDENTIFYING silvery potion
  6103 | D:5      | 6103 ||| DROPPING potion of flight.
  6113 | D:6      | 6113 ||| PLANNING OSSUARY
  6136 | D:6      | 6136 ||| Stepping ~*~*~tactically~*~*~ (hiding).
  6217 | D:6      | 6217 ||| Stepping ~*~*~tactically~*~*~ (stealth).
  6218 | D:6      | 6218 ||| SWAPPING to +0 war axe.
  6239 | D:6      | Reached skill level 9 in Axes
  6385 | D:6      | Reached skill level 6 in Fighting
  6666 | D:6      | Gained mutation: You are mostly covered in icy blue scales.
                  | (AC +3) [demonic ancestry]
  6666 | D:6      | Reached XP level 9. HP: 68/69 MP: 10/10
  6871 | D:6      | 6871 ||| RIP OSSUARY
  6984 | D:6      | 6984 ||| PLANNING D:1-11
  7075 | D:6      | 7075 ||| UPGRADING to +0 plate armour.
  7085 | D:6      | 7085 ||| DROPPING +0 chain mail.
  7086 | D:6      | 7086 ||| UPGRADING to +0 pair of gloves.
  7091 | D:6      | 7091 ||| READING scroll labelled LYFACE HUONK.
  7092 | D:6      | 7092 ||| READING 2 scrolls labelled ACKUURIATI.
  7093 | D:6      | 7093 ||| READING scroll labelled KOQECS MOJUE.
  7094 | D:6      | 7094 ||| DROPPING scroll of butterflies.
  7183 | D:7      | 7183 ||| Stepping ~*~*~tactically~*~*~ (stealth).
  7185 | D:7      | 7185 ||| INVOKING Fiery Armour.
  7202 | D:7      | Noticed Pikel
  7206 | D:7      | 7206 ||| Stepping ~*~*~tactically~*~*~ (stealth).
  7206 | D:7      | Killed Pikel
  7207 | D:7      | Reached skill level 10 in Axes
  7208 | D:7      | 7208 ||| Stepping ~*~*~tactically~*~*~ (stealth).
  7209 | D:7      | 7209 ||| Stepping ~*~*~tactically~*~*~ (stealth).
  7210 | D:7      | 7210 ||| Stepping ~*~*~tactically~*~*~ (stealth).
  7217 | D:7      | 7217 ||| Stepping ~*~*~tactically~*~*~ (stealth).
  7218 | D:7      | 7218 ||| Stepping ~*~*~tactically~*~*~ (stealth).
  7226 | D:7      | 7226 ||| READING scroll of brand weapon.
  7226 | D:7      | 7226 ||| BRANDING +1 war axe.
  7237 | D:7      | 7237 ||| Stepping ~*~*~tactically~*~*~ (stealth).
  7363 | D:7      | Found Laoc's Antique Weapon Shoppe.
  7397 | D:7      | Noticed Maggie
  7412 | D:7      | Killed Maggie
  7413 | D:7      | 7413 ||| FLEEEEING.
  7551 | D:7      | 7551 ||| Stepping ~*~*~tactically~*~*~ (hiding).
  7661 | D:7      | Found a snail-covered altar of Cheibriados.
  7663 | D:7      | Noticed Prince Ribbit
  7677 | D:7      | Killed Prince Ribbit
  7911 | D:7      | 7911 ||| Stepping ~*~*~tactically~*~*~ (hiding).
  7912 | D:7      | 7912 ||| Stepping ~*~*~tactically~*~*~ (hiding).
  8134 | D:7      | Noticed Dowan
  8135 | D:7      | Noticed Duvessa
  8136 | D:7      | 8136 ||| INVOKING Fiery Armour.
  8137 | D:7      | Found a shadowy altar of Dithmenos.
  8148 | D:7      | Killed Dowan
  8150 | D:7      | Killed Duvessa
  8193 | D:7      | 8193 ||| READING scroll of enchant weapon.
  8193 | D:7      | 8193 ||| ENCHANTING +1 vorpal war axe.
  8282 | D:7      | 8282 ||| UPGRADING to +0 buckler.
  8346 | D:8      | 8346 ||| FLEEEEING.
  8347 | D:8      | 8347 ||| FLEEEEING.
  8348 | D:8      | 8348 ||| FLEEEEING.
  8349 | D:8      | 8349 ||| FLEEEEING.
  8351 | D:8      | 8351 ||| STAIRDANCE
  8388 | D:8      | 8388 ||| STAIRDANCE
  8431 | D:8      | 8431 ||| STAIRDANCE
  8444 | D:7      | Reached skill level 1 in Shields
  8444 | D:7      | Reached XP level 10. HP: 75/79 MP: 11/11
  8465 | D:8      | 8465 ||| STAIRDANCE
  8486 | D:8      | Reached skill level 1 in Throwing
  8540 | D:8      | 8540 ||| INVOKING Fiery Armour.
  8626 | D:8      | Noticed a two-headed ogre
  8635 | D:8      | Killed a two-headed ogre
  8681 | D:8      | Noticed Maurice
  8682 | D:8      | 8682 ||| Stepping ~*~*~tactically~*~*~ (hiding).
  8691 | D:8      | 8691 ||| FLEEEEING.
  8692 | D:8      | 8692 ||| FLEEEEING.
  8694 | D:8      | 8694 ||| FLEEEEING.
  8695 | D:8      | 8695 ||| FLEEEEING.
  8696 | D:8      | 8696 ||| FLEEEEING.
  8697 | D:8      | 8697 ||| FLEEEEING.
  8698 | D:8      | 8698 ||| FLEEEEING.
  8699 | D:8      | 8699 ||| FLEEEEING.
  8700 | D:8      | 8700 ||| FLEEEEING.
  8701 | D:8      | 8701 ||| FLEEEEING.
  8702 | D:8      | 8702 ||| FLEEEEING.
  8703 | D:8      | 8703 ||| FLEEEEING.
  8704 | D:8      | 8704 ||| FLEEEEING.
  8705 | D:8      | 8705 ||| FLEEEEING.
  8706 | D:8      | 8706 ||| FLEEEEING.
  8707 | D:8      | 8707 ||| FLEEEEING.
  8708 | D:8      | 8708 ||| FLEEEEING.
  8709 | D:8      | 8709 ||| FLEEEEING.
  8710 | D:8      | 8710 ||| FLEEEEING.
  8711 | D:8      | 8711 ||| FLEEEEING.
  8712 | D:8      | 8712 ||| FLEEEEING.
  8713 | D:8      | 8713 ||| FLEEEEING.
  8723 | D:8      | Killed Maurice
  8724 | D:8      | Reached skill level 3 in Throwing
  8957 | D:8      | Found a basalt altar of Yredelemnul.
  9366 | D:8      | Identified the +0 great sword of Cataclysm {elec, Str+2}
  9473 | D:8      | 9473 ||| UPGRADING to +0 cloak.
  9478 | D:8      | 9478 ||| READING scroll labelled HIHIFI LEPSOO.
  9479 | D:8      | 9479 ||| READING 2 scrolls of identify.
  9479 | D:8      | 9479 ||| IDENTIFYING fuming golden potion
  9521 | D:9      | Found a radiant altar of Vehumet.
  9613 | D:9      | 9613 ||| Stepping ~*~*~tactically~*~*~ (stealth).
  9616 | D:9      | 9616 ||| Stepping ~*~*~tactically~*~*~ (hiding).
  9621 | D:9      | 9621 ||| INVOKING Fiery Armour.
  9665 | D:9      | 9665 ||| Stepping ~*~*~tactically~*~*~ (stealth).
  9667 | D:9      | 9667 ||| Stepping ~*~*~tactically~*~*~ (stealth).
  9673 | D:9      | Reached skill level 11 in Axes
  9757 | D:9      | Reached skill level 6 in Armour
  9871 | D:9      | 9871 ||| Stepping ~*~*~tactically~*~*~ (stealth).
  9878 | D:9      | 9878 ||| Stepping ~*~*~tactically~*~*~ (stealth).
  9883 | D:9      | 9883 ||| INVOKING Fiery Armour.
  9888 | D:9      | 9888 ||| DRINKING 2 potions of curing.
  9888 | D:9      | 9888 ||| (to cure confusion)
  9894 | D:9      | 9894 ||| DRINKING potion of curing.
  9894 | D:9      | 9894 ||| (to cure confusion)
 10056 | D:9      | 10056 ||| PLANNING TEMPLE
 10056 | D:9      | 10056 ||| DROPPING orb of guile.
 10144 | Temple   | Entered the Ecumenical Temple
 10174 | Temple   | 10174 ||| PLANNING CONVERSION TO OKAWARU
 10183 | Temple   | Fell from the grace of Ignis
 10183 | Temple   | Became a worshipper of Warmaster Okawaru
 10184 | Temple   | 10184 ||| PLANNING D:1-11
 10316 | D:9      | 10316 ||| Stepping ~*~*~tactically~*~*~ (stealth).
 10321 | D:9      | 10321 ||| Stepping ~*~*~tactically~*~*~ (stealth).
 10322 | D:9      | 10322 ||| Stepping ~*~*~tactically~*~*~ (stealth).
 10325 | D:9      | 10325 ||| Stepping ~*~*~tactically~*~*~ (stealth).
 10353 | D:9      | Found a hazy altar of Hepliaklqana.
 10438 | D:9      | 10438 ||| Stepping ~*~*~tactically~*~*~ (stealth).
 10440 | D:9      | 10440 ||| Stepping ~*~*~tactically~*~*~ (stealth).
 10447 | D:9      | Noticed Grum
 10448 | D:9      | 10448 ||| Stepping ~*~*~tactically~*~*~ (hiding).
 10476 | D:9      | Killed Grum
 10725 | D:9      | Noticed a gargoyle
 10737 | D:9      | Killed a gargoyle
 10737 | D:9      | Reached * piety under Okawaru
 10738 | D:9      | Reached XP level 11. HP: 78/86 MP: 12/12
 10932 | D:9      | 10932 ||| DRINKING 2 bubbling yellow potions.
 10964 | D:9      | 10964 ||| DROPPING potion of lignification.
 10973 | D:9      | 10973 ||| INVOKING Heroism.
 10974 | D:9      | HP: 13/86 [fire elemental[the fiery vengeance of Ignis]
                  | (9)]
 10975 | D:9      | 10975 ||| READING 5 scrolls of teleportation.
 10976 | D:9      | Slain by a fire elemental

Levels and vault maps discovered:
D:1:      dpeg_arrival_rooms_b, layout_loops_cross,
          chequers_ecumenical_altar_island
D:2:      layout_basic, basic_altar, grunt_decor_fettered, grunt_ministairs_2,
          minivault_24, minmay_pentomino_pile, uniq_robin, uniq_natasha
D:3:      layout_basic, lemuel_doored_altar, nicolae_tso_besieged_by_evil,
          minmay_ogre_servants, uniq_crazy_yiuf_cottage, uniq_jessica,
          uniq_sigmund
D:4:      layout_rooms, kennysheep_little_box,
          mainiacjoe_overflow_six_doors_small, lightli_temple_of_fire,
          gammafunk_ghost_icy
D:5:      layout_cave_pools, nemelex_diamond_rough_becter,
          minmay_temple_entry_tees, st_stairs_3, grunt_ministairs_5,
          minmay_misc_feat_tower, chequers_serial_rivers_small_b
D:6:      layout_basic, nicolae_ossuary_entry_monument, minmay_circle_x
D:7:      layout_basic, zin_academy, kennysheep_slug_shrine,
          nicolae_dithmenos_through_a_glass_darkly, serial_shops,
          nicolae_shop_overgrown_old_shop, minmay_misc_feat_nine_boxes,
          corexii_leaking_fountain, uniq_pikel, uniq_prince_ribbit1,
          uniq_duvessa, uniq_maggie
D:8:      layout_basic, kennysheep_mini, uniq_maurice
D:9:      layout_loops_cross, worldfamousw_hep_ancestral_shrine,
          mainiacjoe_overflow_paths, uniq_grum
Temple:   chequers_temple_sunken

Skill      XL: |  1  2  3  4  5  6  7  8  9 10 |
---------------+-------------------------------+-----
Axes           | 3 4 5 6 8 9 10 11 | 11.6
Armour         | 1 2 3 5 6 |  6.0
Fighting       | 4 6 7 8 |  8.0
Dodging        | 1 |  1.7
Shields        | 1 4 |  4.2
Throwing       | 3 |  3.1
Spellcasting   | |  1.0
Fire Magic     | |  2.6

Action                   |  1- 3 |  4- 6 |  7- 9 | 10-12 || total
-------------------------+-------+-------+-------+-------++-------
Melee: Hand axe          |   103 |   162 |   242 |       ||   507
       Tailslap          |     5 |    21 |    46 |    15 ||    87
       Punch             |       |     4 |     3 |       ||     7
       War axe           |       |       |   141 |   176 ||   317
Throw: Boomerang         |       |       |       |    42 ||    42
Invok: Fiery Armour      |     3 |     4 |     3 |     3 ||    13
       Heroism           |       |       |       |     1 ||     1
  Use: Scroll            |     2 |     3 |    13 |     3 ||    21
       Potion            |     1 |     2 |     1 |     3 ||     7
 Stab: Distracted        |       |       |     1 |       ||     1
Armor: Robe              |    17 |       |       |       ||    17
       Chain mail        |    29 |   108 |   163 |       ||   300
       Plate armour      |       |       |    58 |   136 ||   194
Dodge: Dodged            |    52 |    76 |   188 |    94 ||   410
Block: Buckler           |       |       |       |    39 ||    39

Table legend:
 A = Non-vault XP
 B = Vault XP
 C = Vault XP percentage of total XP
 D = Non-vault monster count
 E = Vault monster count
 F = Vault count percentage of total count
                 A         B        C        D         E       F
            +---------+---------+-------+---------+---------+-------
      Total |    7713 |    3597 |  31.8 |     200 |      59 |  22.8
            +---------+---------+-------+---------+---------+-------
        D:1 |      39 |       5 |  11.4 |      22 |       2 |   8.3
        D:2 |     117 |      93 |  44.3 |      26 |      18 |  40.9
        D:3 |      69 |     454 |  86.8 |      22 |      18 |  45.0
        D:4 |      62 |       0 |   0.0 |      16 |       0 |   0.0
        D:5 |     776 |     328 |  29.7 |      13 |       5 |  27.8
        D:6 |     773 |     302 |  28.1 |      13 |       6 |  31.6
        D:7 |    1084 |    1541 |  58.7 |      19 |       6 |  24.0
        D:8 |    1770 |     472 |  21.1 |      26 |       1 |   3.7
        D:9 |    3023 |     402 |  11.7 |      43 |       3 |   6.5
            +---------+---------+-------+---------+---------+-------
